[Event "ICC tourney 2556 (25 5)"]
[Site "Internet Chess Club"]
[Date "2021.05.09"]
[Round "5"]
[White "SUN, EVAN:K05-17182225"]
[Black "OSCAR LI, JINGTU:K05-16113408"]
[Result "0-1"]
[ICCResult "White resigns"]
[WhiteElo "1011"]
[BlackElo "1407"]
[Opening "Sicilian: accelerated fianchetto, modern variation with Bc4"]
[ECO "B35"]
[NIC "SI.33"]
[Time "11:31:21"]
[PlyCount "70"]
[TimeControl "1500+5"]

1. e4 c5 2. Nf3 Nc6 3. d4 cxd4 4. Nxd4 g6 5. Be3 Bg7 6. Nc3 Nf6 7. Bc4 O-O
8. Qd2 Ng4 9. Nxc6 bxc6 10. O-O-O Nxe3 11. Qxe3 d6 12. h4 a5 13. h5 Rb8 14.
hxg6 hxg6 15. Qg3 Qb6 16. Bb3 Qc5 17. Qh4 Qh5 18. Qxe7 Bh6+ 19. Kb1 Qg5 20.
Qxg5 Bxg5 21. Rh2 Bf4 22. g3 Be5 23. f4 Bxc3 24. bxc3 a4 25. Rdh1 Kg7 26.
Rh7+ Kf6 27. Rd1 Ke7 28. e5 d5 29. Rhh1 axb3 30. cxb3 Bf5+ 31. Ka1 Be4 32.
Rhe1 Rh8 33. c4 Rh2 34. cxd5 cxd5 35. Rc1 Ra8 { White resigns } 0-1

[Event "ICC tourney 2556 (25 5)"]
[Site "Internet Chess Club"]
[Date "2021.05.09"]
[Round "5"]
[White "JOSHUA RAJESH, AADITYA:K05-16964021"]
[Black "GORDON, SAMMY:K05-16134625"]
[Result "0-1"]
[ICCResult "White checkmated"]
[WhiteElo "989"]
[BlackElo "1397"]
[Opening "Sicilian defense"]
[ECO "B30"]
[NIC "SI.31"]
[Time "11:32:00"]
[PlyCount "106"]
[TimeControl "1500+5"]

1. e4 c5 2. Nf3 Nc6 3. c4 Nd4 4. Nxd4 cxd4 5. b3 e5 6. Bb2 Nf6 7. d3 Bb4+
8. Nd2 O-O 9. a3 Be7 10. b4 d6 11. h3 b5 12. cxb5 Bd7 13. a4 d5 14. Be2
dxe4 15. dxe4 Bxb4 16. f3 Nh5 17. O-O Nf4 18. Bc4 Qg5 19. Rf2 Nxh3+ 20. Kf1
Nxf2 21. Kxf2 Qxd2+ 22. Qxd2 Bxd2 23. Ba3 Rfc8 24. Bd5 Rc2 25. Kf1 Rac8 26.
Bb3 R2c3 27. Bd1 Be6 28. Ke2 Bf4 29. Bb2 Rc2+ 30. Bxc2 Rxc2+ 31. Kd1 Rxb2
32. g3 Bb3+ 33. Ke1 Bxg3+ 34. Kf1 Bc4+ 35. Kg1 d3 36. Rd1 d2 37. Kg2 Be2
38. Rxd2 Rxd2 39. Kxg3 Bd1 40. f4 exf4+ 41. Kxf4 Bxa4 42. Ke5 Bxb5 43. Kf5
a5 44. Ke5 a4 45. Kf4 a3 46. Ke3 Re2+ 47. Kd4 a2 48. Kc5 Bd3 49. Kd4 a1=Q+
50. Kxd3 Qd1+ 51. Kc4 Rc2+ 52. Kb3 Qb1+ 53. Ka3 Ra2# { White checkmated }
0-1

[Event "ICC tourney 2556 (25 5)"]
[Site "Internet Chess Club"]
[Date "2021.05.09"]
[Round "5"]
[White "PAK, KINGSTON:K05-30066451"]
[Black "JAYAPRAKASH, NANDAN:K05-16292014"]
[Result "1-0"]
[ICCResult "Black checkmated"]
[WhiteElo "1303"]
[BlackElo "848"]
[Opening "QGD: Marshall defense"]
[ECO "D06"]
[NIC "QP.08"]
[Time "11:31:46"]
[PlyCount "133"]
[TimeControl "1500+5"]

1. d4 d5 2. c4 Nf6 3. cxd5 Nxd5 4. e4 Nf6 5. Nc3 Nc6 6. Nf3 Bg4 7. Bb5 a6
8. Bxc6+ bxc6 9. Be3 e6 10. h3 Bh5 11. O-O Bb4 12. Qa4 Bxc3 13. Qxc6+ Ke7
14. bxc3 Qd6 15. Qxd6+ Kxd6 16. e5+ Ke7 17. exf6+ Kxf6 18. Nd2 Rhd8 19.
Ne4+ Ke7 20. Ng3 Bg6 21. Rfe1 Rab8 22. Bf4 Rd7 23. h4 h6 24. Ne4 Bxe4 25.
Rxe4 Rb2 26. Ree1 c6 27. Red1 Rc2 28. Rdc1 Rb2 29. a3 a5 30. c4 Rxd4 31.
Be5 Rdd2 32. Bxb2 Rxb2 33. Rcb1 Rc2 34. Rb7+ Kf6 35. Ra7 Rxc4 36. Rxa5 Ke7
37. Ra7+ Kf6 38. a4 Rxh4 39. a5 Rd4 40. a6 Rd8 41. Rc7 Re8 42. a7 c5 43.
a8=Q Rxa8 44. Rxa8 c4 45. Rxc4 Kg6 46. Rc7 f5 47. Raa7 e5 48. Rxg7+ Kf6 49.
Rh7 Kg5 50. Ra5 e4 51. Rxh6 Kxh6 52. Rxf5 Kg6 53. Re5 Kf6 54. Rxe4 Kf5 55.
Ra4 Kg5 56. f4+ Kf5 57. Kf2 Kf6 58. Ra5 Kg6 59. f5+ Kf6 60. g4 Kg7 61. Ra6
Kf7 62. g5 Kg7 63. Ra7+ Kf8 64. f6 Kg8 65. Re7 Kh8 66. g6 Kg8 67. Re8# {
Black checkmated } 1-0

[Event "ICC tourney 2556 (25 5)"]
[Site "Internet Chess Club"]
[Date "2021.05.09"]
[Round "5"]
[White "CHAN OSBORN, ISAAC:K05-17282877"]
[Black "CARDOSO, KARELY:K05-16268846"]
[Result "1-0"]
[ICCResult "Black checkmated"]
[WhiteElo "955"]
[BlackElo "713"]
[Opening "Benoni defense, Hromodka system"]
[ECO "A43"]
[NIC "OI.09"]
[Time "11:40:20"]
[PlyCount "81"]
[TimeControl "1500+5"]

1. d4 c5 2. d5 d6 3. c4 Nf6 4. Nc3 g6 5. e4 Bg7 6. Bd3 O-O 7. Bg5 Bg4 8.
Nf3 Nbd7 9. h3 Bxf3 10. Qxf3 Ne5 11. Qe2 h6 12. Bxf6 exf6 13. O-O Re8 14.
Rad1 Rb8 15. f4 Nxd3 16. Qxd3 b6 17. Rfe1 a6 18. a3 b5 19. cxb5 axb5 20.
Nxb5 Qb6 21. a4 c4+ 22. Qd4 Qa5 23. Qxc4 f5 24. b3 fxe4 25. Rxe4 Rxe4 26.
Qxe4 Qb6+ 27. Kh2 Rc8 28. Qb4 g5 29. Nxd6 Qxb4 30. Nxc8 gxf4 31. d6 f3 32.
d7 Be5+ 33. Kh1 fxg2+ 34. Kxg2 Qb7+ 35. Kf2 f5 36. d8=Q+ Kg7 37. Rd7+ Qxd7
38. Qxd7+ Kg6 39. Ne7+ Kg5 40. Qxf5+ Kh4 41. Qg4# { Black checkmated } 1-0

[Event "ICC tourney 2556 (25 5)"]
[Site "Internet Chess Club"]
[Date "2021.05.09"]
[Round "5"]
[White "GIORGIO TESSIORE, LUCA:K05-17347744"]
[Black "ARUTLA, ADITYA:K05-16207801"]
[Result "1-0"]
[ICCResult "Black checkmated"]
[WhiteElo "1914"]
[BlackElo "1676"]
[Opening "QGD semi-Slav: 5.Bg5 dc"]
[ECO "D44"]
[NIC "SL.03"]
[Time "11:30:35"]
[PlyCount "47"]
[TimeControl "1500+5"]

1. d4 d5 2. c4 c6 3. Nf3 Nf6 4. Nc3 e6 5. Bg5 dxc4 6. a4 Bb4 7. e3 b5 8.
Be2 Qa5 9. Qc2 Nd5 10. O-O Nxc3 11. bxc3 Bxc3 12. Ra2 b4 13. Bxc4 Ba6 14.
Bxa6 Nxa6 15. Bf4 c5 16. Qe4 Rb8 17. Qc6+ Ke7 18. Bd6+ Kf6 19. Ne5 g6 20.
Qf3+ Kg7 21. Qxf7+ Kh6 22. Ng4+ Kh5 23. Qf4 cxd4 24. Nf6# { Black
checkmated } 1-0

[Event "ICC tourney 2556 (25 5)"]
[Site "Internet Chess Club"]
[Date "2021.05.09"]
[Round "5"]
[White "RAJARAM, ROHAN:K05-15739716"]
[Black "YAO, HANCHI:K05-16512998"]
[Result "1-0"]
[ICCResult "Black resigns"]
[WhiteElo "1905"]
[BlackElo "1636"]
[Opening "QGD Slav defense: exchange variation"]
[ECO "D10"]
[NIC "SL.01"]
[Time "11:30:35"]
[PlyCount "73"]
[TimeControl "1500+5"]

1. d4 d5 2. c4 c6 3. cxd5 cxd5 4. Nc3 Nf6 5. Bf4 Nc6 6. e3 e6 7. Bb5 Bd6 8.
Nge2 O-O 9. O-O Bxf4 10. Nxf4 Bd7 11. Nh3 Re8 12. f4 Ne7 13. Bd3 Nf5 14.
Re1 Qb6 15. Qc2 Nxe3 16. Rxe3 Qxd4 17. Bxh7+ Nxh7 18. Re1 Nf6 19. Kh1 Qb6
20. Rg3 Rac8 21. Ng5 d4 22. Nxf7 Kxf7 23. Qg6+ Ke7 24. Qxg7+ Kd8 25. Qxf6+
Kc7 26. Ne4 Qa5 27. Rd1 Qxa2 28. Qe5+ Kd8 29. Nd6 Qa4 30. Qf6+ Re7 31. Rg8+
Be8 32. Rxe8+ Qxe8 33. Nxe8 Kxe8 34. Qh8+ Kd7 35. Rxd4+ Kc7 36. Rc4+ Kb6
37. Qxc8 { Black resigns } 1-0

[Event "ICC tourney 2556 (25 5)"]
[Site "Internet Chess Club"]
[Date "2021.05.09"]
[Round "5"]
[White "MADDINENI, SHISHIR:K05-17244051"]
[Black "KANCHERLA, ROHAN:K05-16710337"]
[Result "1-0"]
[ICCResult "Black checkmated"]
[WhiteElo "470"]
[BlackElo "944"]
[Opening "Giuoco Pianissimo: Italian four knights variation"]
[ECO "C47"]
[NIC "KP.06"]
[Time "11:31:04"]
[PlyCount "173"]
[TimeControl "1500+5"]

1. e4 e5 2. Nf3 Nc6 3. Nc3 Nf6 4. Bc4 Bc5 5. d3 h6 6. h3 d6 7. O-O O-O 8.
a3 Be6 9. Nd5 Re8 10. b4 Bb6 11. a4 a6 12. Nxb6 cxb6 13. Be3 Bxc4 14. dxc4
Nxb4 15. Rb1 Nc6 16. Bxb6 Qc8 17. Qxd6 Nd7 18. a5 Nxb6 19. axb6 Rd8 20. Qc5
f6 21. Qe3 Qe6 22. c5 Na5 23. Ra1 Nc4 24. Qb3 Re8 25. Rfd1 Rad8 26. c3 Rc8
27. Rd5 Nxb6 28. Qxb6 Qxb6 29. cxb6 Rxc3 30. Rd7 Rb8 31. Kh2 Rc6 32. Rb1
Kf8 33. Nh4 Kg8 34. Nf5 Kf8 35. Nxg7 Rc2 36. f3 Rc6 37. Rbd1 Rxb6 38. Nf5
Ke8 39. Nxh6 a5 40. R7d6 Rxd6 41. Rxd6 Ke7 42. Rb6 a4 43. Rb2 b5 44. Ra2
Ra8 45. Nf5+ Ke6 46. Ne3 b4 47. Nc4 b3 48. Ra3 Kd7 49. Nb6+ Kc7 50. Nxa4 b2
51. Rb3 Rxa4 52. Rxb2 Ra6 53. Rd2 Re6 54. g4 Re7 55. h4 Rh7 56. h5 Kc6 57.
Kg3 Kc5 58. Kh4 Kc4 59. Rd6 Rf7 60. h6 Kc5 61. Re6 Rf8 62. Kh5 Kd4 63. Kg6
Ke3 64. h7 Rh8 65. Kg7 Rxh7+ 66. Kxh7 Kxf3 67. Rxf6+ Kxe4 68. Rf5 Kd4 69.
Rxe5 Kxe5 70. g5 Kf5 71. g6 Kf6 72. g7 Kf7 73. g8=Q+ Kf6 74. Qg7+ Kf5 75.
Qg6+ Ke5 76. Qf7 Ke4 77. Qf6 Kd3 78. Qe5 Kc2 79. Qd4 Kb1 80. Qc3 Ka2 81.
Qb4 Ka1 82. Kg6 Ka2 83. Kf5 Ka1 84. Ke4 Ka2 85. Kd3 Ka1 86. Kc2 Ka2 87.
Qa4# { Black checkmated } 1-0

[Event "ICC tourney 2556 (25 5)"]
[Site "Internet Chess Club"]
[Date "2021.05.09"]
[Round "5"]
[White "LIU, DAVID:K05-15646077"]
[Black "YU, ZIRAN:K05-30074850"]
[Result "1-0"]
[ICCResult "Black checkmated"]
[WhiteElo "1100"]
[BlackElo "795"]
[Opening "Queen's pawn, Mason variation"]
[ECO "D00"]
[NIC "QP.08"]
[Time "11:37:43"]
[PlyCount "135"]
[TimeControl "1500+5"]

1. d4 d5 2. Bf4 Nc6 3. c3 Bf5 4. Nf3 Nf6 5. e3 e6 6. Nbd2 Bd6 7. Bg3 Ne4 8.
Nxe4 Bxe4 9. Ne5 Nxe5 10. Bxe5 f6 11. Bxd6 cxd6 12. f3 Bg6 13. Bd3 Bxd3 14.
Qxd3 O-O 15. O-O Rc8 16. e4 dxe4 17. Qxe4 Qe7 18. f4 f5 19. Qd3 Rf6 20. Rf3
Rh6 21. Rg3 Qh4 22. h3 Rf8 23. Rf1 Rff6 24. Rff3 Rfg6 25. c4 d5 26. c5 Rxg3
27. Rxg3 Rg6 28. Kh2 Kf7 29. b4 Rxg3 30. Qxg3 Qxg3+ 31. Kxg3 Ke7 32. Kh4
Kd7 33. b5 Kc7 34. a4 b6 35. g4 bxc5 36. dxc5 d4 37. Kg3 Kb7 38. Kf3 a6 39.
Ke2 axb5 40. axb5 fxg4 41. hxg4 g6 42. Kd3 h5 43. Kxd4 hxg4 44. Ke3 Kc7 45.
Kf2 Kd7 46. Kg3 Kc7 47. Kxg4 Kd7 48. Kg5 Kc7 49. Kxg6 Kd8 50. Kf6 Kd7 51.
f5 exf5 52. Kxf5 Kc7 53. Ke5 Kb7 54. Kd5 Kc7 55. b6+ Kb7 56. Kd6 Kc8 57. c6
Kb8 58. b7 Ka7 59. Kc7 Ka6 60. b8=Q Ka5 61. Kd6 Ka4 62. Qb6 Ka3 63. Qb5 Ka2
64. Qb4 Ka1 65. Kc5 Ka2 66. Kc4 Ka1 67. Kc3 Ka2 68. Qb2# { Black checkmated
} 1-0

[Event "ICC tourney 2556 (25 5)"]
[Site "Internet Chess Club"]
[Date "2021.05.09"]
[Round "5"]
[White "STINGLEY, MAX:K05-16512763"]
[Black "MANOHAR YELLEPEDDY, YUVAAN:K05-16384357"]
[Result "0-1"]
[ICCResult "White checkmated"]
[WhiteElo "1020"]
[BlackElo "734"]
[Opening "Scotch gambit: Anderssen (Paulsen, Suhle) counter-attack"]
[ECO "C50"]
[NIC "IG.02"]
[Time "11:47:19"]
[PlyCount "102"]
[TimeControl "1500+5"]

1. e4 e5 2. Nf3 Nc6 3. Bc4 Bc5 4. O-O d6 5. c3 Bg4 6. d4 exd4 7. cxd4 Nxd4
8. Qb3 Nxb3 9. Bxb3 Bxf3 10. gxf3 Nf6 11. Nc3 h6 12. Bf4 O-O 13. Kh1 c6 14.
Rg1 Bxf2 15. Rg2 Bb6 16. Bxh6 Kh7 17. Bg5 Qe7 18. Bc2 Kh8 19. Rg3 Bd8 20.
Rh3+ Kg8 21. e5 Qxe5 22. f4 Qe6 23. Rh4 d5 24. Bxf6 Bxf6 25. Bh7+ Kh8 26.
Rh5 g6 27. Bxg6+ Kg7 28. Bf5 Qe3 29. Rh7+ Kg8 30. Rg1+ Qxg1+ 31. Kxg1 Bxc3
32. bxc3 Rfe8 33. Kf2 Re7 34. Rh4 Rae8 35. Rg4+ Kf8 36. Bh7 Re2+ 37. Kg3
R8e3+ 38. Kh4 Rxh2+ 39. Kg5 Rxh7 40. Rg2 Rg7+ 41. Kf6 Rxg2 42. f5 Rxa2 43.
c4 dxc4 44. Kg5 Re1 45. Kf6 c3 46. Kg5 c2 47. Kf6 c1=R 48. Kg5 Rg1+ 49. Kf6
Rd2 50. Ke5 Rce1+ 51. Kf6 Rd6# { White checkmated } 0-1

[Event "ICC tourney 2556 (25 5)"]
[Site "Internet Chess Club"]
[Date "2021.05.09"]
[Round "5"]
[White "JAVERI, RIAAN:K05-16378238"]
[Black "SHANMUGAM, MEERA:K05-16606945"]
[Result "0-1"]
[ICCResult "White resigns"]
[WhiteElo "1417"]
[BlackElo "1579"]
[Opening "Vienna gambit"]
[ECO "C29"]
[NIC "VG.04"]
[Time "11:31:00"]
[PlyCount "46"]
[TimeControl "1500+5"]

1. e4 e5 2. Nc3 Nf6 3. f4 d6 4. Nf3 Nc6 5. Bb5 exf4 6. d4 Be7 7. Bxf4 O-O
8. O-O a6 9. Bd3 Bg4 10. h3 Bxf3 11. Rxf3 Nxd4 12. Rg3 Kh8 13. Nd5 Nxd5 14.
exd5 Bh4 15. Rxg7 Kxg7 16. Qg4+ Kh8 17. Bh6 Rg8 18. Qxd4+ Qf6 19. Be3 Qxd4
20. Bxd4+ f6 21. Re1 Bxe1 22. Bxf6+ Rg7 23. Bxg7+ Kxg7 { White resigns }
0-1

[Event "ICC tourney 2556 (25 5)"]
[Site "Internet Chess Club"]
[Date "2021.05.09"]
[Round "5"]
[White "YOU, ANDREW:K05-17094697"]
[Black "SAIMADHAV CHALLA, KARUNYA:K05-17096756"]
[Result "1-0"]
[ICCResult "Black resigns"]
[WhiteElo "1090"]
[BlackElo "781"]
[Opening "Queen's pawn: Charlick (Englund) gambit"]
[ECO "A40"]
[NIC "QO.17"]
[Time "11:31:20"]
[PlyCount "111"]
[TimeControl "1500+5"]

1. d4 e5 2. Nc3 exd4 3. Qxd4 Nc6 4. Qd1 Nf6 5. Nf3 d5 6. e3 Bc5 7. Be2 O-O
8. O-O d4 9. exd4 Nxd4 10. Nxd4 Bxd4 11. Bd2 Bxc3 12. Bxc3 Ne4 13. Qxd8
Rxd8 14. Rad1 Bf5 15. Rd3 Rxd3 16. Bxd3 Nxc3 17. Bxf5 Nxa2 18. c3 g6 19.
Bb1 Nxc3 20. bxc3 Rd8 21. Bc2 Rd2 22. Rc1 Rd6 23. h3 Rc6 24. Be4 Rb6 25.
Rd1 a5 26. Rd7 c5 27. Rxb7 Ra6 28. Bd5 a4 29. Rxf7 Kh8 30. Re7 a3 31. Re1
a2 32. Ra1 Ra3 33. c4 Rb3 34. Rxa2 Rb1+ 35. Kh2 Rc1 36. Ra8+ Kg7 37. Rg8+
Kf6 38. Rc8 Ke5 39. Rxc5 Kd4 40. Ra5 Rc2 41. Kg3 Rd2 42. Bg8 h6 43. c5 Rd3+
44. f3 Rc3 45. Kg4 h5+ 46. Kg3 Rxc5 47. Rxc5 Kxc5 48. Kh4 Kd4 49. Kg5 Ke3
50. Kxg6 Kf2 51. g4 Kxf3 52. gxh5 Kg3 53. h6 Kxh3 54. h7 Kh4 55. h8=Q+ Kg3
56. Qd4 { Black resigns } 1-0

[Event "ICC tourney 2556 (25 5)"]
[Site "Internet Chess Club"]
[Date "2021.05.09"]
[Round "5"]
[White "PARHAR, VIVAAN:K05-16000954"]
[Black "CHANG, LUCA:K05-16081600"]
[Result "0-1"]
[ICCResult "White checkmated"]
[WhiteElo "1148"]
[BlackElo "1533"]
[Opening "Sicilian: accelerated fianchetto, modern variation with Bc4"]
[ECO "B35"]
[NIC "SI.33"]
[Time "11:30:41"]
[PlyCount "76"]
[TimeControl "1500+5"]

1. e4 c5 2. Nf3 Nc6 3. d4 cxd4 4. Nxd4 g6 5. Nc3 Bg7 6. Be3 Nf6 7. Bc4 O-O
8. O-O Nxe4 9. Nxe4 d5 10. Nxc6 bxc6 11. Bxd5 cxd5 12. Ng3 Bxb2 13. Rb1 Bg7
14. Bd4 e5 15. Bc3 Ba6 16. Re1 Re8 17. h3 Rc8 18. Ba1 d4 19. Ne4 f5 20. Ng3
Qc7 21. Bb2 Red8 22. Kh1 e4 23. a3 d3 24. cxd3 Bxd3 25. Rc1 Bc2 26. Qe2
Bxb2 27. Rxc2 Qxc2 28. Qa6 Qc4 29. Qxa7 Bd4 30. Qe7 Bxf2 31. Rf1 Bxg3 32.
Kg1 Qc5+ 33. Qxc5 Rxc5 34. Kh1 Rdc8 35. Kg1 Rc1 36. a4 e3 37. a5 e2 38.
Rxc1 Rxc1# { White checkmated } 0-1

[Event "ICC tourney 2556 (25 5)"]
[Site "Internet Chess Club"]
[Date "2021.05.09"]
[Round "5"]
[White "SHAHINYAN, INNA:K05-17114472"]
[Black "MUNRO HARTMAN, NADAV:K05-16966336"]
[Result "0-1"]
[ICCResult "White checkmated"]
[WhiteElo "635"]
[BlackElo "1046"]
[Opening "Giuoco Piano"]
[ECO "C50"]
[NIC "IG.02"]
[Time "11:30:27"]
[PlyCount "70"]
[TimeControl "1500+5"]

1. e4 e5 2. Nf3 Nc6 3. Bc4 Bc5 4. O-O Nf6 5. Nc3 O-O 6. Nd5 d6 7. d3 Be6 8.
Bg5 Bxd5 9. Bxd5 h6 10. Bh4 Qe7 11. Re1 Nd4 12. Nxd4 exd4 13. Bg3 c6 14.
Bb3 a5 15. a3 b5 16. e5 dxe5 17. Rxe5 Qd6 18. c3 Bb6 19. c4 bxc4 20. Bxc4
c5 21. Bb5 Qd8 22. Qe2 Qc8 23. Bc4 Ra7 24. Re1 Qd7 25. Bh4 Qd6 26. Bxf6
Qxf6 27. Qg4 Kh8 28. Rf5 Qd6 29. Qf3 Qg6 30. Qh3 a4 31. Re4 Rc7 32. Rh4 Re7
33. f3 Re1+ 34. Kf2 Rfe8 35. Bxf7 R8e2# { White checkmated } 0-1

[Event "ICC tourney 2556 (25 5)"]
[Site "Internet Chess Club"]
[Date "2021.05.09"]
[Round "5"]
[White "SUNDEEP, SASHA:K05-17150715"]
[Black "AUSTIN YIM, ZACHERY:K05-16198943"]
[Result "0-1"]
[ICCResult "White resigns"]
[WhiteElo "481"]
[BlackElo "1101"]
[Opening "Sicilian"]
[ECO "B50"]
[NIC "SI.01"]
[Time "11:32:32"]
[PlyCount "112"]
[TimeControl "1500+5"]

1. e4 c5 2. Nf3 d6 3. d3 Nf6 4. Be2 g6 5. O-O Bg7 6. d4 cxd4 7. Nxd4 Nxe4
8. Bf3 Nf6 9. Qe1 O-O 10. Nc3 Qb6 11. Be3 Qc7 12. Ndb5 Qd8 13. Bd4 Nc6 14.
Bxf6 Bxf6 15. Qd2 a6 16. Na3 Qd7 17. Nd5 Bg7 18. Nb6 Qd8 19. Nxa8 Bd7 20.
Nb6 Qxb6 21. Qe2 Nd4 22. Qe3 Nxf3+ 23. Qxf3 Bc6 24. Qb3 Qxb3 25. cxb3 Bxb2
26. Rab1 Bxa3 27. b4 a5 28. bxa5 Bc5 29. Rbc1 Ra8 30. Ra1 Rxa5 31. h3 Bb5
32. Rfe1 e6 33. a4 Bxa4 34. Re4 b5 35. Ree1 d5 36. Re5 Bd4 37. Ree1 Bxa1
38. Rxa1 Kg7 39. g4 f5 40. g5 h6 41. gxh6+ Kxh6 42. Kg2 Kh5 43. Rc1 Ra6 44.
Ra1 Rc6 45. Ra3 f4 46. f3 e5 47. Ra2 d4 48. Rd2 Rc4 49. Re2 Rc5 50. Ra2 Kg5
51. Re2 Kf5 52. Ra2 Rc4 53. Re2 b4 54. Ra2 b3 55. Rb2 Rc2+ 56. Rxc2 bxc2 {
White resigns } 0-1

[Event "ICC tourney 2556 (25 5)"]
[Site "Internet Chess Club"]
[Date "2021.05.09"]
[Round "5"]
[White "WOO, ALEXANDER:K05-17096034"]
[Black "FRANCO PRASANNA, KEVIN:K05-15771571"]
[Result "0-1"]
[ICCResult "White checkmated"]
[WhiteElo "850"]
[BlackElo "1346"]
[Opening "Giuoco Piano: four knights variation"]
[ECO "C47"]
[NIC "KP.06"]
[Time "11:30:48"]
[PlyCount "104"]
[TimeControl "1500+5"]

1. e4 e5 2. Nf3 Nc6 3. Nc3 Nf6 4. Bc4 Bc5 5. O-O d6 6. h3 h6 7. d3 O-O 8.
Nd5 Na5 9. c3 Nxc4 10. dxc4 Nxe4 11. Qd3 Nf6 12. Be3 Bxe3 13. fxe3 Be6 14.
Rad1 Bxd5 15. cxd5 e4 16. Qd4 exf3 17. Rxf3 Qe7 18. b3 Qe4 19. Qd2 Rfe8 20.
Qf2 Qe5 21. c4 Ne4 22. Qf1 Ng5 23. Rf5 Qxe3+ 24. Kh1 Ne4 25. Qf3 Nf2+ 26.
Qxf2 Qxf2 27. Rxf2 Re5 28. Rdf1 f6 29. Rf5 Rae8 30. Kg1 Rxf5 31. Rxf5 Re2
32. Rf2 Rxf2 33. Kxf2 Kf7 34. Ke3 Kg6 35. Kf4 f5 36. h4 Kf6 37. h5 g5+ 38.
Kf3 Ke5 39. g4 fxg4+ 40. Kxg4 Ke4 41. Kg3 Kd3 42. Kg4 Kc2 43. Kf5 Kb2 44.
Kg6 g4 45. Kxh6 g3 46. Kg6 g2 47. h6 g1=Q+ 48. Kh7 Kc3 49. Kh8 Kd4 50. h7
Ke5 51. c5 Kf6 52. c6 Qg7# { White checkmated } 0-1

[Event "ICC tourney 2556 (25 5)"]
[Site "Internet Chess Club"]
[Date "2021.05.09"]
[Round "5"]
[White "ROY, AYUSH:K05-16710940"]
[Black "THIMMASAMUDRAM, SANDEEP:K05-16278356"]
[Result "1-0"]
[ICCResult "Black checkmated"]
[WhiteElo "1548"]
[BlackElo "1199"]
[Opening "Queen's gambit declined"]
[ECO "D30"]
[NIC "QP.08"]
[Time "11:31:43"]
[PlyCount "77"]
[TimeControl "1500+5"]

1. d4 d5 2. c4 e6 3. a3 Nf6 4. Bg5 Be7 5. e3 h6 6. Bh4 c5 7. Nc3 cxd4 8.
exd4 dxc4 9. Bxc4 Nc6 10. Nf3 O-O 11. O-O Nh7 12. Bxe7 Qxe7 13. Re1 Ng5 14.
d5 Nxf3+ 15. Qxf3 Nd8 16. Rad1 Qc7 17. Ba2 b6 18. dxe6 Bb7 19. exf7+ Nxf7
20. Nd5 Bxd5 21. Bxd5 Rad8 22. Bxf7+ Rxf7 23. Qb3 Rf8 24. Re2 Kh8 25. Rde1
Qc5 26. Qe3 Qf5 27. Rf1 Qg6 28. f4 Qg5 29. Ref2 Qg6 30. Qg3 Qc6 31. Qf3 Qg6
32. Kh1 a5 33. Qd5 Rxf4 34. Rxf4 Rxf4 35. Rc1 Qc2 36. Qd1 Qg6 37. Qb3 Rf2
38. Rc8+ Kh7 39. Qg8# { Black checkmated } 1-0

[Event "ICC tourney 2556 (25 5)"]
[Site "Internet Chess Club"]
[Date "2021.05.09"]
[Round "5"]
[White "MARIAN, AARON:K05-15799497"]
[Black "RAJ ALAGUMALAI, GAUTHAM:K05-17028646"]
[Result "1-0"]
[ICCResult "Black checkmated"]
[WhiteElo "1400"]
[BlackElo "890"]
[Opening "Ruy Lopez: classical (Cordel) defense"]
[ECO "C64"]
[NIC "RL.01"]
[Time "11:33:16"]
[PlyCount "57"]
[TimeControl "1500+5"]

1. e4 e5 2. Nf3 Nc6 3. Bb5 Bc5 4. Bxc6 dxc6 5. O-O Qd6 6. c3 Nf6 7. d4 exd4
8. cxd4 Nxe4 9. Re1 Bf5 10. Nc3 Bb4 11. Nxe4 Qg6 12. Nh4 Bg4 13. f3 Bxf3
14. Qxf3 Bxe1 15. Nxg6 hxg6 16. Qe2 Ba5 17. Nd6+ Kd7 18. Nxb7 Bb6 19. Bg5
Rhe8 20. Qg4+ f5 21. Qf4 Re4 22. Qf3 Bxd4+ 23. Kh1 Rae8 24. h3 Bb6 25. b4
Rxb4 26. Rd1+ Kc8 27. Qxc6 Rbe4 28. Nd6+ Kb8 29. Qb7# { Black checkmated }
1-0

[Event "ICC tourney 2556 (25 5)"]
[Site "Internet Chess Club"]
[Date "2021.05.09"]
[Round "5"]
[White "LAYTON KOGAN, YELISEY:K05-17266128"]
[Black "YANG, JON:K05-16665853"]
[Result "0-1"]
[ICCResult "White resigns"]
[WhiteElo "759"]
[BlackElo "1086"]
[Opening "Sicilian"]
[ECO "B50"]
[NIC "SI.01"]
[Time "11:33:41"]
[PlyCount "78"]
[TimeControl "1500+5"]

1. e4 c5 2. Nf3 d6 3. Bc4 Nf6 4. d3 e6 5. Nc3 Be7 6. Bg5 Nbd7 7. d4 Nb6 8.
Bb5+ Bd7 9. dxc5 Bxb5 10. Nxb5 dxc5 11. e5 Qxd1+ 12. Rxd1 Nfd5 13. Bxe7
Kxe7 14. b3 a6 15. Na3 Rhd8 16. O-O Nd7 17. Nc4 b5 18. Nd6 N7b6 19. Nb7
Rdc8 20. Na5 Ra7 21. Rd2 Rd7 22. Rfd1 Nc3 23. Rxd7+ Nxd7 24. Rd3 Nxa2 25.
Kf1 Nb4 26. Rd6 Nb8 27. c3 Nd5 28. c4 Nc3 29. Ke1 Rd8 30. Nb7 Rxd6 31.
exd6+ Kd7 32. Ne5+ Ke8 33. Nxc5 bxc4 34. d7+ Nxd7 35. Ncxd7 cxb3 36. Kd2 b2
37. Kxc3 b1=Q 38. g3 Qa1+ 39. Kc4 f6 { White resigns } 0-1

[Event "ICC tourney 2556 (25 5)"]
[Site "Internet Chess Club"]
[Date "2021.05.09"]
[Round "5"]
[White "L HUANG, ABIGAIL:K05-16809062"]
[Black "LANG, CONNOR:K05-15878215"]
[Result "0-1"]
[ICCResult "White resigns"]
[WhiteElo "135"]
[BlackElo "1275"]
[Opening "Scandinavian (center counter) defense"]
[ECO "B01"]
[NIC "SD.01"]
[Time "11:31:11"]
[PlyCount "64"]
[TimeControl "1500+5"]

1. e4 d5 2. exd5 Qxd5 3. Nc3 Qa5 4. Nf3 Nf6 5. Bd3 c6 6. O-O Bg4 7. Be2 e6
8. d4 Nbd7 9. Bf4 Bb4 10. Qd2 O-O 11. h3 Bh5 12. Rfe1 h6 13. Rad1 Nb6 14.
Qd3 Bg6 15. Qe3 Nbd5 16. Qe5 Nxf4 17. Qxf4 Nd5 18. Qe5 Bxc3 19. bxc3 Qxc3
20. Rc1 Rad8 21. Bd3 Bxd3 22. cxd3 Qxd3 23. Qe4 Qxe4 24. Rxe4 Nf6 25. Re2
Rd5 26. Re3 Rc8 27. Re5 Rxe5 28. dxe5 Nd5 29. g4 Kh7 30. g5 Nf4 31. gxh6
Ne2+ 32. Kf1 Nxc1 { White resigns } 0-1

[Event "ICC tourney 2556 (25 5)"]
[Site "Internet Chess Club"]
[Date "2021.05.09"]
[Round "5"]
[White "BHOOMA, DHIVIJ:K05-16188670"]
[Black "CHEN, YEWEI:K05-15857340"]
[Result "1/2-1/2"]
[ICCResult "Game drawn because neither player has mating material"]
[WhiteElo "743"]
[BlackElo "1051"]
[Opening "Sicilian: Najdorf, Lipnitzky attack"]
[ECO "B86"]
[NIC "SI.13"]
[Time "11:33:00"]
[PlyCount "176"]
[TimeControl "1500+5"]

1. e4 c5 2. Nf3 d6 3. d4 cxd4 4. Nxd4 Nf6 5. Nc3 a6 6. Bc4 e6 7. O-O Be7 8.
Nf3 b5 9. Be2 Bb7 10. e5 Nd5 11. Nxd5 Bxd5 12. exd6 Bxd6 13. b3 Bb7 14. c4
bxc4 15. Bxc4 O-O 16. Qc2 Bxf3 17. gxf3 Qc7 18. f4 Bxf4 19. Bxf4 Qxf4 20.
Bd3 f5 21. Qe2 Re8 22. Bc4 Qg5+ 23. Kh1 Qf6 24. Qh5 g6 25. Qf3 Nd7 26. Rae1
Kg7 27. a4 e5 28. Qd3 Nc5 29. Qd5 Ne4 30. Qd7+ Re7 31. Qd3 Raa7 32. f3 Rad7
33. Qe3 Nd2 34. Rf2 f4 35. Qc3 Qh4 36. Rxe5 Rxe5 37. Qxe5+ Kh6 38. Qe2 Nxc4
39. bxc4 Re7 40. Qf1 Kg7 41. Qa1+ Kf7 42. Qf1 Qf6 43. c5 Qe6 44. Qc1 Qe3
45. Qc4+ Re6 46. Kg2 Kf6 47. c6 Re8 48. c7 Rc8 49. Qxa6+ Qe6 50. Qxe6+ Kxe6
51. Rc2 Kd6 52. a5 Rxc7 53. Rxc7 Kxc7 54. Kh3 Kb7 55. Kg4 Ka6 56. Kg5 Kxa5
57. Kh6 Kb4 58. Kxh7 Kc3 59. Kxg6 Kd3 60. h4 Ke3 61. h5 Kxf3 62. h6 Kg3 63.
h7 f3 64. h8=Q f2 65. Qe5+ Kg2 66. Qe2 Kg1 67. Qe3 Kg2 68. Qe2 Kg1 69. Qg4+
Kh2 70. Qf4+ Kg2 71. Qg4+ Kh2 72. Qh4+ Kg2 73. Qe4+ Kh2 74. Qe2 Kg1 75.
Qg4+ Kh2 76. Qh5+ Kg2 77. Qg4+ Kh2 78. Qf3 Kg1 79. Qg3+ Kh1 80. Qh4+ Kg2
81. Qg4+ Kh2 82. Qf3 Kg1 83. Qg3+ Kh1 84. Qf3+ Kg1 85. Qe3 Kg2 86. Qe2 Kg1
87. Qd1+ f1=Q 88. Qxf1+ Kxf1 { Game drawn because neither player has mating
material } 1/2-1/2